 Dungeon Crawl Stone Soup version 0.28.0-47-ge53b351184 (webtiles) character file.

Game seed: 1939269194016547410

103 boopmooplesden the Chopper (level 4, -3/41 HPs)
             Began as a Minotaur Berserker on May 1, 2022.
             Was a Believer of Trog.
             Slain by Natasha (5 damage)
             ... on level 3 of the Dungeon.
             The game lasted 00:02:11 (2390 turns).

boopmooplesden the Chopper (Minotaur Berserker)     Turns: 2390, Time: 00:02:11

Health: -3/41      AC:  4    Str: 22    XL:     4   Next: 51%
Magic:  3/3        EV: 12    Int:  4    God:    Trog [**....]
Gold:   115        SH:  0    Dex: 11    Spells: 3/3 levels left

rFire   . . .      SeeInvis .   a - +0 hand axe
rCold   . . .      Faith    .   (no shield)
rNeg    . . .      Spirit   .   i - +0 leather armour
rPois   .          Reflect  .   (helmet restricted)
rElec   .          Harm     .   d - +0 cloak
rCorr   .          Rampage  .   (no gloves)
Will    .....                   (no boots)
Stlth   +.........              (no amulet)
HPRegen 0.13/turn               (no ring)
MPRegen 0.08/turn               (no ring)

@: no status effects
A: horns 2, retaliatory headbutt
a: Renounce Religion, Berserk, Trog's Hand


You were on level 3 of the Dungeon.
You worshipped Trog.
Trog was pleased with you.
You visited 1 branch of the dungeon, and saw 3 of its levels.

You collected 115 gold pieces.

Inventory:

Hand Weapons
 a - a +0 hand axe (weapon)
Armour
 d - a +0 cloak (worn)
 i - a +0 leather armour (worn)
Scrolls
 e - a scroll of torment {unknown}
 f - a scroll of identify
 h - a scroll of summoning
 j - a scroll of teleportation {unknown}
Potions
 b - a potion of lignification {unknown}
 c - 2 potions of attraction {unknown}
 g - a potion of brilliance {unknown}
 k - 2 potions of haste {unknown}


   Skills:
 + Level 4.7 Fighting
 + Level 4.8 Axes
 + Level 2.7 Armour
 + Level 2.8 Dodging
 + Level 1.0 Stealth


You had 3 spell levels left.
You didn't know any spells.
Your spell library was empty.

Dungeon Overview and Level Annotations

Branches:
Dungeon (3/15)

Altars:

Shops:
D:2 [

Annotations:
D:3 Natasha


Innate Abilities, Weirdness & Mutations

You have a pair of horns on your head.
You reflexively headbutt those who attack you in melee.


Message History

You hit Natasha.
Natasha is moderately wounded.
Natasha barely misses you.
You barely miss Natasha. Your headbutt misses Natasha.
Natasha is moderately wounded.
Natasha barely misses you.
You hit Natasha.
Natasha is heavily wounded.
Natasha claws you.
Natasha stares at you and mumbles some strange words.
The magic dart hits you!
You closely miss Natasha.
Natasha is heavily wounded.
You barely miss the hobgoblin.
The hobgoblin hits you but does no damage.
Natasha claws you.
You miss Natasha.
Natasha is heavily wounded.
You hit the hobgoblin but do no damage. The hobgoblin hits you.
Natasha mumbles some strange words.
You closely miss Natasha. Your headbutt misses Natasha.
Natasha is heavily wounded.
You closely miss the hobgoblin.
A quokka comes into view.
The hobgoblin barely misses you. Natasha casts a spell at you.
You resist with some effort.
You hit Natasha.
Natasha is severely wounded.
You hit the hobgoblin.
You kill the hobgoblin!
Trog accepts your kill. Natasha claws you.
* * * LOW HITPOINT WARNING * * *
You closely miss Natasha.
Natasha is severely wounded.
You hit the iron imp but do no damage. The iron imp hits you!
* * * LOW HITPOINT WARNING * * *
Natasha claws you.
You die...

..##...##.## .... #
...###.#...# ######.# #?##
.#.# #.....## #......##...#.
.#.# ##.....# #....)).......
.#.# #...#..####.....).......
.#.###...#..##...............
.#.##..#....<........[.......
.#.#..###..#.....)........<..
.#.#.####......h@.....##...#.
.#.#...........5[....## ##...
................r.##.# .#.
....................... #
.....#............##.###
......................
...####...###...#..#.#
#..##...>.# #...##.#.#
#..##....## #...# ...


You could see an iron imp (summoned), Natasha and a quokka.

Vanquished Creatures
  Natasha (D:3)
  An adder (D:2)
  2 worms (D:2)
  3 dart slugs
  4 orcs (D:3)
  4 bats (D:1)
  5 endoplasms
  A giant cockroach (D:1)
  4 goblins
  A hobgoblin (D:3)
  2 jackals (D:1)
  4 quokkas
  3 ball pythons
  8 kobolds
  8 rats
51 creatures vanquished.

Notes
Turn   | Place    | Note
-------+----------+-------------------------------------------
     0 | D:1      | boopmooplesden the Minotaur Berserker began the quest for
                  | the Orb.
     0 | D:1      | Reached XP level 1. HP: 19/19 MP: 0/0
   198 | D:1      | Found a faded altar of an unknown god.
   247 | D:1      | Reached XP level 2. HP: 21/27 MP: 1/1
   910 | D:1      | Reached XP level 3. HP: 20/33 MP: 2/2
  1587 | D:2      | Reached ** piety under Trog
  1730 | D:2      | Found Orikir's Armour Boutique.
  2046 | D:3      | Noticed Natasha
  2053 | D:3      | Killed Natasha
  2054 | D:3      | Reached XP level 4. HP: 31/41 MP: 3/3
  2275 | D:3      | Reached skill level 1 in Stealth
  2378 | D:3      | Noticed Natasha
  2390 | D:3      | HP: 2/41 [iron imp[Natasha] (10)]
  2390 | D:3      | Slain by Natasha

Illustrated notes

Levels and vault maps discovered:
D:1:      giann_horns, layout_loops_ring,
          dreamdust_ecumenical_altar_angels_and_demons
D:2:      layout_basic, serial_shops, shop, mrwooster_statue_mirror
D:3:      layout_rooms, uniq_natasha

Skill      XL: |  1  2  3  4 |
---------------+-------------+-----
Axes           | 4 |  4.8
Fighting       | 4 |  4.7
Stealth        | 1 |  1.0
Armour         | |  2.7
Dodging        | |  2.8

Action                   |  1- 3 |  4- 6 || total
-------------------------+-------+-------++-------
Melee: Hand axe          |    80 |    27 ||   107
       Headbutt          |    14 |     3 ||    17
  Use: Scroll            |     4 |       ||     4
 Stab: Sleeping          |     3 |       ||     3
Armor: Animal skin       |    13 |       ||    13
       Leather armour    |     1 |     5 ||     6
Dodge: Dodged            |    55 |    16 ||    71
